 Dungeon Crawl Stone Soup version 0.28.0-62-gf88900778d (webtiles) character file.

Game seed: 17530341243496767022

274 cbfl8 the Chopper (level 6, -4/53 HPs)
             Began as a Hill Orc Berserker on June 29, 2023.
             Was a Believer of Trog.
             Slain by Edmund
             ... wielding a +3 flail of protection
              (6 damage)
             ... on level 4 of the Dungeon.
             The game lasted 00:02:38 (3642 turns).

cbfl8 the Chopper (Hill Orc Berserker)              Turns: 3642, Time: 00:02:39

Health: -4/53      AC:  9    Str: 20    XL:     6   Next: 24%
Magic:  6/6        EV: 11    Int: 13    God:    Trog [**....]
Gold:   109        SH:  0    Dex: 12    Spells: 5/5 levels left

rFire   . . .      SeeInvis .   a - +0 hand axe
rCold   . . .      Faith    .   (no shield)
rNeg    . . .      Spirit   .   e - +0 ring mail
rPois   .          Reflect  .   (no helmet)
rElec   .          Harm     .   j - +1 cloak {Will+}
rCorr   .          Rampage  .   (no gloves)
Will    +....                   g - +0 pair of boots
Stlth   +.........              (no amulet)
HPRegen 0.17/turn               m - +6 ring of intelligence
MPRegen 0.10/turn               (no ring)

@: on berserk cooldown, slowed, very slow
A: no striking features
a: Renounce Religion, Berserk, Trog's Hand


You were on level 4 of the Dungeon.
You worshipped Trog.
Trog was pleased with you.
You visited 1 branch of the dungeon, and saw 4 of its levels.

You collected 109 gold pieces.

Inventory:

Hand Weapons
 a - a +0 hand axe (weapon)
Armour
 e - a +0 ring mail (worn)
 g - a +0 pair of boots (worn)
 j - a +1 cloak of willpower (worn)
Jewellery
 m - a +6 ring of intelligence (left hand)
Scrolls
 c - a scroll of enchant weapon {unknown}
 d - a scroll of identify {unknown}
Potions
 b - a potion of ambrosia {unknown}
 f - 2 potions of cancellation {unknown}
 h - a potion of lignification {unknown}
 i - a potion of brilliance {unknown}
 k - a potion of heal wounds {unknown}
 l - a potion of berserk rage {unknown}
 n - a potion of haste {unknown}


   Skills:
 + Level 4.6 Fighting
 + Level 6.1 Axes
 + Level 3.3 Armour
 + Level 2.2 Dodging
 * Level 2.5 Evocations


You had 5 spell levels left.
You didn't know any spells.
Your spell library was empty.

Dungeon Overview and Level Annotations

Branches:
Dungeon (4/15)
 Temple: D:4-7

Altars:

Annotations:
D:4 Edmund


Message History

You hit Edmund but do no damage.
Edmund is severely wounded.
Edmund zaps a wand.
The puff of flame misses you.
You hit Edmund.
Edmund is severely wounded.
Edmund zaps a wand.
The puff of flame hits you. Edmund hits you but does no damage.
You hit Edmund.
Edmund is almost dead.
Edmund hits you but does no damage.
You hit Edmund but do no damage.
Edmund is almost dead.
Edmund zaps a wand.
The puff of flame hits you. Edmund hits you but does no damage.
You barely miss Edmund.
Edmund is almost dead.
Edmund hits you with a +3 flail of protection.
You barely miss Edmund.
Edmund is almost dead.
Edmund hits you with a +3 flail of protection.
Edmund closely misses you.
You hit Edmund.
Edmund is almost dead.
Edmund closely misses you.
You hit Edmund but do no damage.
Edmund is almost dead.
Edmund hits you with a +3 flail of protection.
* * * LOW HITPOINT WARNING * * *
Edmund hits you with a +3 flail of protection.
* * * LOW HITPOINT WARNING * * *
You hit Edmund but do no damage. Your punch misses Edmund.
Edmund is almost dead.
Edmund zaps a wand.
The puff of flame hits you!
* * * LOW HITPOINT WARNING * * *
Unknown command.
You closely miss Edmund.
Edmund is almost dead.
Edmund misses you.
Edmund hits you with a +3 flail of protection.
You die...

.. ... .. ...
.. ...
..>##.######...
.........#...#
.....#......#
............#
......@†...#
.......@...#
...............
#...#..........
##...#...#..###
##.###....# #
##.... . #8# .
##


You could see Edmund.

Vanquished Creatures
  An ogre (D:2)
  A scorpion (D:2)
  Crazy Yiuf (D:2)
  3 adders
  2 worms
  A dart slug (D:2)
  7 ball pythons
  4 endoplasms (D:1)
  5 giant cockroaches
  4 hobgoblins
  2 jackals (D:1)
  4 quokkas
  9 bats
  8 frilled lizards
  7 goblins
  7 kobolds
  2 rats
68 creatures vanquished.

Notes
Turn   | Place    | Note
-------+----------+-------------------------------------------
     0 | D:1      | cbfl8 the Hill Orc Berserker began the quest for the Orb.
     0 | D:1      | Reached XP level 1. HP: 19/19 MP: 1/1
   234 | D:1      | Found a faded altar of an unknown god.
   437 | D:1      | Reached XP level 2. HP: 27/27 MP: 2/2
   774 | D:1      | Reached XP level 3. HP: 32/33 MP: 3/3
   804 | D:1      | Reached ** piety under Trog
   850 | D:1      | Reached skill level 1 in Evocations
  1716 | D:2      | Noticed a scorpion
  1723 | D:2      | Killed a scorpion
  1724 | D:2      | Reached skill level 5 in Axes
  1724 | D:2      | Reached XP level 4. HP: 41/41 MP: 4/4
  1724 | D:2      | Reached XP level 5. HP: 47/47 MP: 5/5
  1852 | D:2      | Noticed an ogre
  1862 | D:2      | Killed an ogre
  2038 | D:2      | Reached skill level 6 in Axes
  2038 | D:2      | Reached XP level 6. HP: 53/53 MP: 6/6
  2346 | D:2      | Found a runed translucent door.
  2347 | D:2      | Noticed Crazy Yiuf
  2764 | D:2      | Killed Crazy Yiuf
  3614 | D:4      | Noticed Edmund
  3641 | D:4      | HP: 2/53 [Edmund/puff of flame (11)]
  3642 | D:4      | Slain by Edmund

Illustrated notes

Levels and vault maps discovered:
D:1:      wander_arrival_peaceful_grave, layout_loops_cross,
          ebering_ecumenical_altar_rust
D:2:      layout_loops_ring, uniq_crazy_yiuf_cottage
D:3:      layout_basic
D:4:      layout_cave_pools, lightli_ossuary_entry_decrepit_ruins,
          amcnicky_mini_corridor_feature, uniq_edmund, uniq_ijyb, uniq_eustachio

Skill      XL: |  1  2  3  4  5 |
---------------+----------------+-----
Fighting       | 4 |  4.6
Evocations     | 1 2 |  2.5
Axes           | 5 6 |  6.1
Dodging        | 2 |  2.2
Armour         | 3 |  3.3

Action                   |  1- 3 |  4- 6 || total
-------------------------+-------+-------++-------
Melee: Hand axe          |   124 |    89 ||   213
       Punch             |     1 |     2 ||     3
Invok: Berserk           |     2 |     3 ||     5
Armor: Animal skin       |     7 |       ||     7
       Ring mail         |    36 |    19 ||    55
Dodge: Dodged            |    81 |    40 ||   121
